Gangsters vs Punishers
Created - January 26, 2018 at 19:26
Goals
|
| Gangsters |
0 |
2 |
0 |
2 |
| Punishers |
2 |
1 |
1 |
4 |
|
Shots
|
| Gangsters |
10 |
15 |
13 |
38 |
| Punishers |
9 |
10 |
15 |
34 |
|
1st period
1. Punishers , Mattias Tedenby 22 (Adam McQuaid 10) at 13:12
2. Punishers , Tanner Glass 14 (Luke Adam 15, Stefan Elliott 19) at 14:52
Penalties :
No Penalty
2nd period
3. Punishers , Luke Adam 18 (Stefan Elliott 20, Tanner Glass 19) at 7:20
4. Gangsters , Gustav Nyquist 17 (Colten Teubert 17) at 17:26
5. Gangsters , Brendan Woods 6 (Derrick Pouliot 11) at 19:21
Penalties :
Colten Teubert (Bro) for Tripping (Minor) at 0:33, Tomas Hertl (Bro) for Holding (Minor) at 12:17
3rd period
6. Punishers , Aaron Palushaj 7 (Oscar Sundqvist 4) at 15:11
Penalties :
Robbie Earl (Pro) for Holding (Minor) at 15:47
Goalie Stats
Dustin Tokarski (Bro), 30 saves from 34 shots - (0.882), L, 15-8-1, 60:00 minutes
Niklas Svedberg (Pro), 36 saves from 38 shots - (0.947), W, 16-15-6, 60:00 minutes
Players Stats for Gangsters
Player Name G A P +/- PIM S H SB GA TA FO MP PP MP PK MP
------------------------------------------------------------------------------------
Brendan Woods 1 0 1 -1 0 2 0 0 0 0 0/0 8:39 0:00 0:48
Chris Bourque 0 0 0 1 0 4 0 0 1 1 2/4 22:32 1:07 2:03
Colten Teubert 0 1 1 1 2 3 3 1 3 0 0/0 26:40 1:19 1:05
Dave Dziurzynski 0 0 0 -1 0 5 2 0 0 1 0/0 12:17 0:00 0:00
Derrick Pouliot 0 1 1 0 0 0 0 1 0 2 0/0 12:33 0:00 0:25
Devante Smith-Pelly 0 0 0 -1 0 4 2 0 0 0 0/0 12:13 0:00 0:00
Gustav Nyquist 1 0 1 1 0 5 3 0 0 0 1/2 22:31 1:07 2:03
Jonas Brodin 0 0 0 -3 0 2 0 1 0 1 0/0 20:00 0:40 1:40
Kevin Roy 0 0 0 -1 0 0 0 0 0 0 1/3 7:08 0:00 0:00
Magnus Paajarvi-Svensson 0 0 0 -1 0 2 1 1 0 1 0/1 16:25 0:52 0:36
Maxime Sauvé 0 0 0 1 0 1 7 1 1 0 21/37 21:41 1:07 1:10
Morgan Ellis 0 0 0 -3 0 1 2 0 0 2 0/0 20:00 0:40 1:40
Patrik Nemeth 0 0 0 1 0 1 1 4 1 0 0/0 28:08 1:19 2:18
Richard Panik 0 0 0 -1 0 4 0 0 1 0 2/2 17:03 0:52 1:10
Ryan Culkin 0 0 0 0 0 1 0 1 0 0 0/0 12:40 0:00 0:48
Seth Griffith 0 0 0 -1 0 0 2 1 0 0 3/7 12:06 0:00 0:00
Stefan Noesen 0 0 0 -1 0 1 1 0 1 0 0/0 7:28 0:00 0:00
Tomas Hertl 0 0 0 -1 2 2 1 1 0 0 7/12 15:56 0:52 0:06
Players Stats for Punishers
Player Name G A P +/- PIM S H SB GA TA FO MP PP MP PK MP
------------------------------------------------------------------------------------
Aaron Palushaj 1 0 1 0 0 1 0 0 0 0 0/0 7:35 0:00 0:00
Adam McQuaid 0 1 1 2 0 1 2 0 0 0 0/0 13:08 0:00 0:53
Casey Cizikas 0 0 0 1 0 1 0 1 1 1 18/41 20:02 0:00 0:46
Colton Gillies 0 0 0 0 0 1 0 1 0 0 1/1 12:02 0:00 0:42
Damon Severson 0 0 0 1 0 0 0 0 1 0 0/0 18:40 2:28 0:00
David Laliberté 0 0 0 1 0 3 2 1 2 0 0/1 16:56 1:48 0:00
David Rundblad 0 0 0 -1 0 6 1 1 0 1 0/0 28:26 2:28 0:53
Garret Ross 0 0 0 0 0 1 2 1 0 0 0/0 9:01 0:00 0:53
Jordan Schmaltz 0 0 0 -1 0 0 1 0 0 0 0/0 24:45 1:30 1:06
Luke Adam 1 1 2 1 0 3 3 0 0 0 4/12 16:56 1:48 0:00
Mattias Tedenby 1 0 1 1 0 5 3 0 3 0 1/1 21:30 2:10 0:00
Miikka Salomaki 0 0 0 0 0 0 1 0 0 1 0/0 11:44 0:00 0:00
Nick Schultz 0 0 0 0 0 0 0 0 0 0 0/0 0:00 0:00 0:00
Oscar Sundqvist 0 1 1 0 0 0 1 0 0 0 2/3 8:39 0:00 0:17
Patrick Wiercioch 0 0 0 0 0 0 0 0 0 0 0/0 4:25 0:00 0:00
Robbie Earl 0 0 0 1 2 6 1 1 0 0 2/3 21:36 2:10 0:00
Stefan Elliott 0 2 2 1 0 1 0 1 1 1 0/0 19:07 1:30 1:06
Tanner Glass 1 1 2 1 0 3 3 0 0 1 1/1 17:13 1:48 0:24
Trevor Van Riemsdyk 0 0 0 2 0 0 1 0 0 2 0/0 11:29 0:00 0:00
Zack Hamill 0 0 0 0 0 2 1 1 0 1 2/5 14:46 2:10 0:56
3 Stars
1 - Tanner Glass (Pro)
2 - Luke Adam (Pro)
3 - Niklas Svedberg (Pro)
Power Play
Gangsters - 0 on 1 Attempt(s) - 0.00%
Punishers - 0 on 2 Attempt(s) - 0.00%
Penalty Kill
Gangsters - 2 on 2 Attempt(s) - 100.00%
- Score 0 goal in Penalty Kill
Punishers - 1 on 1 Attempt(s) - 100.00%
- Score 0 goal in Penalty Kill
Team Stat
Gangsters - Hits : 25 - Faceoff Wins : 37 - Blocked Shots : 12 - Penalty Minutes : 4
Punishers - Hits : 22 - Faceoff Wins : 31 - Blocked Shots : 8 - Penalty Minutes : 2
Official
Referees : Pochmara Brian and McCauley Wes
Linesman : Tim Nowak and Lyle Seitz
Game Notes
No Game Note
Finance
Level 1 -- Attendance: 1516 (75.80%) -- Ticket Income $60,640
Level 2 -- Attendance: 786 (78.60%) -- Ticket Income $15,720
Total Attendance: 2302 (76.73%)
Total Ticket Income: $76,360
Other Income: $3,818
Total Income: $80,178
Gangsters
5 vs 5 Forward
Center Left Wing Right Wing Time % Phy DF OF
1 Maxime Sauvé Chris Bourque Gustav Nyquist 40 1 2 2
2 Tomas Hertl Magnus Paajarvi-Svensson Richard Panik 30 1 2 2
3 Seth Griffith Dave Dziurzynski Devante Smith-Pelly 20 1 2 2
4 Kevin Roy Brendan Woods Stefan Noesen 10 1 2 2
5 vs 5 Defense
Defense Defense Time % Phy DF OF
1 Colten Teubert Patrik Nemeth 40 1 2 2
2 Morgan Ellis Jonas Brodin 30 1 2 2
3 Derrick Pouliot Ryan Culkin 20 1 2 2
4 Colten Teubert Patrik Nemeth 10 1 2 2
PowerPlay Forward
Center Left Wing Right Wing Time % Phy DF OF
1 Maxime Sauvé Chris Bourque Gustav Nyquist 60 1 2 2
2 Tomas Hertl Magnus Paajarvi-Svensson Richard Panik 40 1 2 2
PowerPlay Defense
Defense Defense Time % Phy DF OF
1 Colten Teubert Patrik Nemeth 60 1 2 2
2 Morgan Ellis Jonas Brodin 40 1 2 2
Penalty Kill 4 Players Forward
Center Wing Time % Phy DF OF
1 Gustav Nyquist Chris Bourque 60 1 2 2
2 Maxime Sauvé Richard Panik 40 1 2 2
Penalty Kill 4 Players Defense
Defense Defense Time % Phy DF OF
1 Colten Teubert Patrik Nemeth 60 1 2 2
2 Morgan Ellis Jonas Brodin 40 1 2 2
Penalty Kill - 3 Players Forward
Forward Time % Phy DF OF
1 Gustav Nyquist 60 1 2 2
2 Chris Bourque 40 1 2 2
Penalty Kill - 3 Players Defense
Defense Defense Time % Phy DF OF
1 Colten Teubert Patrik Nemeth 60 1 2 2
2 Morgan Ellis Jonas Brodin 40 1 2 2
4 vs 4 Forward
Center Wing Time % Phy DF OF
1 Gustav Nyquist Chris Bourque 60 1 2 2
2 Maxime Sauvé Richard Panik 40 1 2 2
4 vs 4 Defense
Defense Defense Time % Phy DF OF
1 Colten Teubert Patrik Nemeth 60 1 2 2
2 Morgan Ellis Jonas Brodin 40 1 2 2
Last Minutes Offensive
Center Left Wing Right Wing Defense Defense
Maxime Sauvé Chris Bourque Gustav Nyquist Colten Teubert Patrik Nemeth
Last Minutes Defensive
Center Left Wing Right Wing Defense Defense
Maxime Sauvé Chris Bourque Gustav Nyquist Colten Teubert Patrik Nemeth
Goaltenders
Starting : Dustin Tokarski
Backup : Mike Condon
Extra Forwards
Normal : Dave Dziurzynski, Devante Smith-Pelly, Brendan Woods - PP : Dave Dziurzynski, Devante Smith-Pelly - PK : Brendan Woods
Extra Defensemen
Normal : Derrick Pouliot, Ryan Culkin, Morgan Ellis - PP : Derrick Pouliot - PK : Ryan Culkin, Morgan Ellis
Penalty Shots
Gustav Nyquist, Chris Bourque, Maxime Sauvé, Richard Panik, Tomas Hertl
Scratches
Bryan Young (Healthy), Brett Ponich (Healthy), Michael Sdao (Healthy), Phillip Danault (Healthy), Austen Brassard (Healthy)
Sebastian Collberg (Healthy), Matt Delahey (Healthy), Jordan Binnington (Healthy)
Punishers
5 vs 5 Forward
Center Left Wing Right Wing Time % Phy DF OF
1 Casey Cizikas Robbie Earl Mattias Tedenby 40 1 2 2
2 Luke Adam Tanner Glass David Laliberté 30 1 2 2
3 Zack Hamill Colton Gillies Miikka Salomaki 20 1 2 2
4 Oscar Sundqvist Garret Ross Aaron Palushaj 10 1 2 2
5 vs 5 Defense
Defense Defense Time % Phy DF OF
1 David Rundblad Jordan Schmaltz 40 1 2 2
2 Stefan Elliott Damon Severson 30 1 2 2
3 Trevor Van Riemsdyk Adam McQuaid 20 1 2 2
4 David Rundblad Patrick Wiercioch 10 1 2 2
PowerPlay Forward
Center Left Wing Right Wing Time % Phy DF OF
1 Zack Hamill Robbie Earl Mattias Tedenby 60 1 2 2
2 Luke Adam Tanner Glass David Laliberté 40 1 2 2
PowerPlay Defense
Defense Defense Time % Phy DF OF
1 David Rundblad Damon Severson 60 1 2 2
2 Stefan Elliott Jordan Schmaltz 40 1 2 2
Penalty Kill 4 Players Forward
Center Wing Time % Phy DF OF
1 Zack Hamill Robbie Earl 60 1 2 2
2 Tanner Glass Luke Adam 40 1 2 2
Penalty Kill 4 Players Defense
Defense Defense Time % Phy DF OF
1 Stefan Elliott Jordan Schmaltz 60 1 2 2
2 David Rundblad Adam McQuaid 40 1 2 2
Penalty Kill - 3 Players Forward
Forward Time % Phy DF OF
1 Zack Hamill 60 1 2 2
2 Robbie Earl 40 1 2 2
Penalty Kill - 3 Players Defense
Defense Defense Time % Phy DF OF
1 Stefan Elliott Jordan Schmaltz 60 1 2 2
2 David Rundblad Adam McQuaid 40 1 2 2
4 vs 4 Forward
Center Wing Time % Phy DF OF
1 Zack Hamill Robbie Earl 60 1 2 2
2 Luke Adam Mattias Tedenby 40 1 2 2
4 vs 4 Defense
Defense Defense Time % Phy DF OF
1 Stefan Elliott Damon Severson 60 1 2 2
2 Patrick Wiercioch Jordan Schmaltz 40 1 2 2
Last Minutes Offensive
Center Left Wing Right Wing Defense Defense
Zack Hamill Robbie Earl David Laliberté David Rundblad Damon Severson
Last Minutes Defensive
Center Left Wing Right Wing Defense Defense
Zack Hamill Robbie Earl David Laliberté Stefan Elliott Jordan Schmaltz
Goaltenders
Starting : Niklas Svedberg
Backup : Louis Domingue
Extra Forwards
Normal : Zack Hamill, Oscar Sundqvist, Casey Cizikas - PP : Oscar Sundqvist, Miikka Salomaki - PK : Colton Gillies
Extra Defensemen
Normal : Stefan Elliott, Jordan Schmaltz, David Rundblad - PP : Jordan Schmaltz - PK : Adam McQuaid, Patrick Wiercioch
Penalty Shots
Zack Hamill, Robbie Earl, Tanner Glass, Luke Adam, David Laliberté
Scratches
Radek Faksa (Healthy), Quinton Howden (Healthy), Carter Ashton (Healthy), Dylan DeMelo (Healthy), Erik Nystrom (Healthy)
% Time on Ice - Gangsters
Lines # - Real PCT - Wanted PCT - Time Play
Normal Forward
1 - 37% - 40% - 19:54
2 - 28% - 30% - 15:10
3 - 22% - 20% - 11:51
4 - 13% - 10% - 7:08
Normal Defense
1 - 39% - 40% - 20:52
2 - 33% - 30% - 17:40
3 - 22% - 20% - 11:52
4 - 7% - 10% - 3:39
PP Forward
1 - 56% - 60% - 1:07
2 - 44% - 40% - 0:52
PP Defense
1 - 66% - 60% - 1:19
2 - 34% - 40% - 0:40
PK Forward
1 - 71% - 60% - 2:48
2 - 29% - 40% - 1:10
PK Defense
1 - 58% - 60% - 2:18
2 - 42% - 40% - 1:40
PK3 Forward
1 - 0% - 60%
2 - 0% - 40%
PK3 Defense
1 - 0% - 60%
2 - 0% - 40%
44 Forward
1 - 0% - 60%
2 - 0% - 40%
44 Defense
1 - 0% - 60%
2 - 0% - 40%
Last Minute Offensive - 0:00
Last Minute Defensive - 0:00
Total
Forward - 60:00
Defense - 60:00
|
% Time on Ice - Punishers
Lines # - Real PCT - Wanted PCT - Time Play
Normal Forward
1 - 37% - 40% - 20:00
2 - 28% - 30% - 15:08
3 - 21% - 20% - 11:20
4 - 14% - 10% - 7:35
Normal Defense
1 - 39% - 40% - 21:16
2 - 31% - 30% - 16:53
3 - 21% - 20% - 11:29
4 - 8% - 10% - 4:25
PP Forward
1 - 55% - 60% - 2:10
2 - 45% - 40% - 1:48
PP Defense
1 - 62% - 60% - 2:28
2 - 38% - 40% - 1:30
PK Forward
1 - 100% - 60% - 1:59
2 - 0% - 40% - 0:00
PK Defense
1 - 55% - 60% - 1:06
2 - 45% - 40% - 0:53
PK3 Forward
1 - 0% - 60%
2 - 0% - 40%
PK3 Defense
1 - 0% - 60%
2 - 0% - 40%
44 Forward
1 - 0% - 60%
2 - 0% - 40%
44 Defense
1 - 0% - 60%
2 - 0% - 40%
Last Minute Offensive - 0:00
Last Minute Defensive - 0:00
Total
Forward - 60:00
Defense - 60:00
|
Play by Play
1st period
0:01 of 1st period - Maxime Sauvé wins face-off versus Casey Cizikas in neutral zone.
0:04 of 1st period - Robbie Earl is hit by Maxime Sauvé and loses puck.
0:25 of 1st period - David Laliberté is hit by Colten Teubert and loses puck.
0:48 of 1st period - Slapshot by Zack Hamill.
0:48 of 1st period - Shot Misses the Net.
0:50 of 1st period - Slapshot by Adam McQuaid.
0:50 of 1st period - Shot Blocked by Patrik Nemeth.
0:52 of 1st period - Wrist shot by Zack Hamill.
0:52 of 1st period - Stopped by Dustin Tokarski with a rebound.
1:24 of 1st period - Wrist shot by Mattias Tedenby.
1:24 of 1st period - Shot Blocked by Patrik Nemeth.
1:54 of 1st period - Wrist shot by Maxime Sauvé.
1:54 of 1st period - Stopped by Niklas Svedberg with a rebound.
2:06 of 1st period - Wrist shot by Tomas Hertl.
2:06 of 1st period - Stopped by Niklas Svedberg without a rebound.
2:07 of 1st period - Zack Hamill wins face-off versus Tomas Hertl in Punishers zone.
2:24 of 1st period - Slapshot by Magnus Paajarvi-Svensson.
2:24 of 1st period - Stopped by Niklas Svedberg without a rebound.
2:25 of 1st period - Maxime Sauvé wins face-off versus Casey Cizikas in Punishers zone.
3:26 of 1st period - Icing by Derrick Pouliot.
3:27 of 1st period - Casey Cizikas wins face-off versus Tomas Hertl in Gangsters zone.
3:28 of 1st period - Wrist shot by Robbie Earl.
3:28 of 1st period - Stopped by Dustin Tokarski without a rebound.
3:29 of 1st period - Casey Cizikas wins face-off versus Maxime Sauvé in Gangsters zone.
4:23 of 1st period - Miikka Salomaki is hit by Seth Griffith and loses puck.
4:43 of 1st period - Wrist shot by Garret Ross.
4:43 of 1st period - Deflect By Oscar Sundqvist.
4:43 of 1st period - Shot Misses the Net.
4:43 of 1st period - Puck is out of play.
4:44 of 1st period - Casey Cizikas wins face-off versus Kevin Roy in Gangsters zone.
5:50 of 1st period - Colton Gillies is hit by Colten Teubert and loses puck.
5:57 of 1st period - Snap shot by Dave Dziurzynski.
5:57 of 1st period - Stopped by Niklas Svedberg with a rebound.
6:19 of 1st period - Slapshot by Robbie Earl.
6:19 of 1st period - Shot Blocked by Maxime Sauvé.
6:21 of 1st period - Wrist shot by Robbie Earl.
6:21 of 1st period - Shot Hit the Post.
6:54 of 1st period - Morgan Ellis is hit by Garret Ross and loses puck.
7:05 of 1st period - Snap shot by Aaron Palushaj.
7:05 of 1st period - Shot Blocked by Tomas Hertl.
7:19 of 1st period - Snap shot by Dave Dziurzynski.
7:19 of 1st period - Stopped by Niklas Svedberg with a rebound.
7:35 of 1st period - Maxime Sauvé is hit by Zack Hamill and loses puck.
7:42 of 1st period - Zack Hamill is hit by Maxime Sauvé and loses puck.
8:40 of 1st period - Robbie Earl is hit by Morgan Ellis and loses puck.
9:16 of 1st period - Luke Adam is hit by Stefan Noesen and loses puck.
9:23 of 1st period - Derrick Pouliot is hit by Tanner Glass and loses puck.
9:36 of 1st period - Mattias Tedenby is hit by Devante Smith-Pelly and loses puck.
9:59 of 1st period - Jonas Brodin is hit by Garret Ross and loses puck.
10:24 of 1st period - Chris Bourque is hit by Trevor Van Riemsdyk and loses puck.
10:43 of 1st period - Snap shot by Luke Adam.
10:43 of 1st period - Shot Misses the Net.
10:45 of 1st period - Snap shot by David Laliberté.
10:45 of 1st period - Shot Blocked by Colten Teubert.
10:47 of 1st period - Snap shot by Tanner Glass.
10:47 of 1st period - Shot Hit the Post.
10:59 of 1st period - Stefan Elliott is hit by Colten Teubert and loses puck.
11:06 of 1st period - Dave Dziurzynski is hit by Mattias Tedenby and loses puck.
11:27 of 1st period - Wrist shot by Magnus Paajarvi-Svensson.
11:27 of 1st period - Shot Misses the Net.
11:39 of 1st period - Slapshot by Gustav Nyquist.
11:39 of 1st period - Stopped by Niklas Svedberg without a rebound.
11:40 of 1st period - Maxime Sauvé wins face-off versus Zack Hamill in Punishers zone.
11:41 of 1st period - Snap shot by Chris Bourque.
11:41 of 1st period - Shot Blocked by Zack Hamill.
11:43 of 1st period - Slapshot by Morgan Ellis.
11:43 of 1st period - Shot Misses the Net.
12:07 of 1st period - Jonas Brodin is hit by Mattias Tedenby and loses puck.
12:14 of 1st period - Wrist shot by Casey Cizikas.
12:14 of 1st period - Shot Blocked by Magnus Paajarvi-Svensson.
12:50 of 1st period - Slapshot by David Rundblad.
12:50 of 1st period - Stopped by Dustin Tokarski with a rebound.
12:52 of 1st period - Wrist shot by Aaron Palushaj.
12:52 of 1st period - Shot Misses the Net.
12:54 of 1st period - Slapshot by David Rundblad.
12:54 of 1st period - Shot Blocked by Derrick Pouliot.
12:56 of 1st period - Snap shot by David Rundblad.
12:56 of 1st period - Stopped by Dustin Tokarski with a rebound.
13:10 of 1st period - Snap shot by Mattias Tedenby.
13:10 of 1st period - Stopped by Dustin Tokarski with a rebound.
13:12 of 1st period - Slapshot by Mattias Tedenby.
13:12 of 1st period - Goal by Mattias Tedenby - Gangsters : 0 - Punishers : 1.
13:13 of 1st period - Maxime Sauvé wins face-off versus Casey Cizikas in neutral zone.
13:24 of 1st period - Slapshot by Gustav Nyquist.
13:24 of 1st period - Shot Misses the Net.
13:26 of 1st period - Slapshot by Gustav Nyquist.
13:26 of 1st period - Stopped by Niklas Svedberg without a rebound.
13:27 of 1st period - Casey Cizikas wins face-off versus Maxime Sauvé in Punishers zone.
13:43 of 1st period - Snap shot by Casey Cizikas.
13:43 of 1st period - Stopped by Dustin Tokarski with a rebound.
13:52 of 1st period - David Rundblad is hit by Maxime Sauvé and loses puck.
14:03 of 1st period - Slapshot by Chris Bourque.
14:03 of 1st period - Deflect By Maxime Sauvé.
14:03 of 1st period - Shot Misses the Net.
14:03 of 1st period - Puck is out of play.
14:04 of 1st period - Tomas Hertl wins face-off versus Luke Adam in Punishers zone.
14:09 of 1st period - Wrist shot by Richard Panik.
14:09 of 1st period - Deflect By Tomas Hertl.
14:09 of 1st period - Shot Blocked by Stefan Elliott.
14:09 of 1st period - Puck is out of play.
14:10 of 1st period - Tanner Glass wins face-off versus Magnus Paajarvi-Svensson in Punishers zone.
14:10 of 1st period - Tanner Glass is hit by Morgan Ellis.
14:52 of 1st period - Snap shot by Tanner Glass.
14:52 of 1st period - Goal by Tanner Glass - Gangsters : 0 - Punishers : 2.
14:53 of 1st period - Casey Cizikas wins face-off versus Maxime Sauvé in neutral zone.
16:01 of 1st period - Slapshot by Dave Dziurzynski.
16:01 of 1st period - Shot Blocked by Garret Ross.
16:31 of 1st period - Wrist shot by Dave Dziurzynski.
16:31 of 1st period - Stopped by Niklas Svedberg with a rebound.
16:33 of 1st period - Slapshot by Dave Dziurzynski.
16:33 of 1st period - Shot Misses the Net.
16:35 of 1st period - Slapshot by Patrik Nemeth.
16:35 of 1st period - Deflect By Stefan Elliott.
16:35 of 1st period - Stopped by Niklas Svedberg without a rebound.
16:36 of 1st period - Casey Cizikas wins face-off versus Maxime Sauvé in Punishers zone.
16:57 of 1st period - Casey Cizikas is hit by Maxime Sauvé and loses puck.
17:16 of 1st period - Wrist shot by Tomas Hertl.
17:16 of 1st period - Deflect By David Rundblad.
17:16 of 1st period - Shot Blocked by David Rundblad.
17:16 of 1st period - Puck is out of play.
17:17 of 1st period - Richard Panik wins face-off versus Luke Adam in Punishers zone.
17:30 of 1st period - Wrist shot by Richard Panik.
17:30 of 1st period - Stopped by Niklas Svedberg without a rebound.
17:31 of 1st period - Maxime Sauvé wins face-off versus Casey Cizikas in Punishers zone.
18:57 of 1st period - Icing by Patrik Nemeth.
18:58 of 1st period - Casey Cizikas wins face-off versus Maxime Sauvé in Gangsters zone.
19:07 of 1st period - Snap shot by Robbie Earl.
19:07 of 1st period - Stopped by Dustin Tokarski with a rebound.
Goals for this period are 0 for Gangsters vs 2 for Punishers.
Shots for this period are 10 for Gangsters vs 9 for Punishers.
2nd period
0:01 of 2nd period - Casey Cizikas wins face-off versus Maxime Sauvé in neutral zone.
0:17 of 2nd period - Icing by Patrik Nemeth.
0:18 of 2nd period - Maxime Sauvé wins face-off versus Luke Adam in Gangsters zone.
0:18 of 2nd period - Maxime Sauvé is hit by Luke Adam.
0:28 of 2nd period - Slapshot by David Laliberté.
0:28 of 2nd period - Shot Blocked by Patrik Nemeth.
0:30 of 2nd period - Slapshot by David Rundblad.
0:30 of 2nd period - Stopped by Dustin Tokarski without a rebound.
0:31 of 2nd period - Tomas Hertl wins face-off versus Casey Cizikas in Gangsters zone.
0:33 of 2nd period - Minor Penalty to Colten Teubert for Tripping.
0:34 of 2nd period - Gustav Nyquist wins face-off versus Zack Hamill in Gangsters zone.
1:46 of 2nd period - Mattias Tedenby is hit by Gustav Nyquist and loses puck.
2:33 of 2nd period - Penalty to Colten Teubert is over, Colten Teubert is back on ice.
2:48 of 2nd period - Slapshot by Devante Smith-Pelly.
2:48 of 2nd period - Stopped by Niklas Svedberg without a rebound.
2:49 of 2nd period - Richard Panik wins face-off versus Oscar Sundqvist in Punishers zone.
2:52 of 2nd period - Wrist shot by Magnus Paajarvi-Svensson.
2:52 of 2nd period - Shot Misses the Net.
2:54 of 2nd period - Slapshot by Jonas Brodin.
2:54 of 2nd period - Deflect By Richard Panik.
2:54 of 2nd period - Stopped by Niklas Svedberg with a rebound.
2:56 of 2nd period - Snap shot by Morgan Ellis.
2:56 of 2nd period - Stopped by Niklas Svedberg with a rebound.
3:35 of 2nd period - Patrick Wiercioch is hit by Gustav Nyquist and loses puck.
3:56 of 2nd period - Slapshot by Colton Gillies.
3:56 of 2nd period - Stopped by Dustin Tokarski without a rebound.
3:57 of 2nd period - Kevin Roy wins face-off versus Casey Cizikas in Gangsters zone.
4:07 of 2nd period - Off-side.
4:08 of 2nd period - Casey Cizikas wins face-off versus Maxime Sauvé in neutral zone.
4:11 of 2nd period - Wrist shot by Mattias Tedenby.
4:11 of 2nd period - Shot Misses the Net.
4:13 of 2nd period - Snap shot by Adam McQuaid.
4:13 of 2nd period - Deflect By Chris Bourque.
4:13 of 2nd period - Stopped by Dustin Tokarski without a rebound.
4:14 of 2nd period - Maxime Sauvé wins face-off versus Robbie Earl in Gangsters zone.
4:18 of 2nd period - Off-side.
4:19 of 2nd period - Robbie Earl wins face-off versus Maxime Sauvé in neutral zone.
4:24 of 2nd period - Wrist shot by Robbie Earl.
4:24 of 2nd period - Shot Hit the Post.
4:45 of 2nd period - David Rundblad is hit by Patrik Nemeth and loses puck.
5:17 of 2nd period - Snap shot by Devante Smith-Pelly.
5:17 of 2nd period - Stopped by Niklas Svedberg without a rebound.
5:18 of 2nd period - Oscar Sundqvist wins face-off versus Maxime Sauvé in Punishers zone.
5:18 of 2nd period - Oscar Sundqvist is hit by Maxime Sauvé.
5:30 of 2nd period - Snap shot by David Rundblad.
5:30 of 2nd period - Shot Misses the Net.
5:49 of 2nd period - Off-side.
5:50 of 2nd period - Tomas Hertl wins face-off versus Casey Cizikas in neutral zone.
5:53 of 2nd period - Trevor Van Riemsdyk is hit by Magnus Paajarvi-Svensson and loses puck.
6:45 of 2nd period - Snap shot by Chris Bourque.
6:45 of 2nd period - Stopped by Niklas Svedberg without a rebound.
6:46 of 2nd period - Seth Griffith wins face-off versus Casey Cizikas in Punishers zone.
6:53 of 2nd period - Slapshot by David Rundblad.
6:53 of 2nd period - Stopped by Dustin Tokarski without a rebound.
6:54 of 2nd period - Seth Griffith wins face-off versus Casey Cizikas in Gangsters zone.
7:03 of 2nd period - Slapshot by David Rundblad.
7:03 of 2nd period - Stopped by Dustin Tokarski with a rebound.
7:05 of 2nd period - Snap shot by Robbie Earl.
7:05 of 2nd period - Shot Misses the Net.
7:12 of 2nd period - Icing by Devante Smith-Pelly.
7:13 of 2nd period - Seth Griffith wins face-off versus Luke Adam in Gangsters zone.
7:18 of 2nd period - Slapshot by Tanner Glass.
7:18 of 2nd period - Shot Misses the Net.
7:20 of 2nd period - Slapshot by Stefan Elliott.
7:20 of 2nd period - Deflect By Luke Adam.
7:20 of 2nd period - Goal by Luke Adam - Gangsters : 0 - Punishers : 3.
7:21 of 2nd period - Casey Cizikas wins face-off versus Maxime Sauvé in neutral zone.
8:59 of 2nd period - Wrist shot by Gustav Nyquist.
8:59 of 2nd period - Shot Misses the Net.
9:27 of 2nd period - Wrist shot by Oscar Sundqvist.
9:27 of 2nd period - Shot Misses the Net.
9:29 of 2nd period - Wrist shot by Garret Ross.
9:29 of 2nd period - Shot Misses the Net.
9:39 of 2nd period - Snap shot by Zack Hamill.
9:39 of 2nd period - Stopped by Dustin Tokarski without a rebound.
9:40 of 2nd period - Maxime Sauvé wins face-off versus Zack Hamill in Gangsters zone.
9:55 of 2nd period - Snap shot by Chris Bourque.
9:55 of 2nd period - Shot Misses the Net.
10:31 of 2nd period - Wrist shot by Stefan Noesen.
10:31 of 2nd period - Stopped by Niklas Svedberg with a rebound.
10:35 of 2nd period - Slapshot by Brendan Woods.
10:35 of 2nd period - Shot Misses the Net.
10:37 of 2nd period - Snap shot by Ryan Culkin.
10:37 of 2nd period - Deflect By Kevin Roy.
10:37 of 2nd period - Shot Blocked by David Laliberté.
10:37 of 2nd period - Puck is out of play.
10:38 of 2nd period - Maxime Sauvé wins face-off versus Casey Cizikas in Punishers zone.
11:06 of 2nd period - Snap shot by Miikka Salomaki.
11:06 of 2nd period - Shot Blocked by Patrik Nemeth.
11:50 of 2nd period - Slapshot by Devante Smith-Pelly.
11:50 of 2nd period - Stopped by Niklas Svedberg without a rebound.
11:51 of 2nd period - Casey Cizikas wins face-off versus Seth Griffith in Punishers zone.
12:00 of 2nd period - Snap shot by Robbie Earl.
12:00 of 2nd period - Stopped by Dustin Tokarski without a rebound.
12:01 of 2nd period - Casey Cizikas wins face-off versus Tomas Hertl in Gangsters zone.
12:08 of 2nd period - Snap shot by Robbie Earl.
12:08 of 2nd period - Stopped by Dustin Tokarski without a rebound.
12:09 of 2nd period - Tomas Hertl wins face-off versus Casey Cizikas in Gangsters zone.
12:17 of 2nd period - Minor Penalty to Tomas Hertl for Holding.
12:18 of 2nd period - Zack Hamill wins face-off versus Gustav Nyquist in Gangsters zone.
12:18 of 2nd period - Snap shot by Mattias Tedenby.
12:18 of 2nd period - Shot Misses the Net.
14:17 of 2nd period - Penalty to Tomas Hertl is over, Tomas Hertl is back on ice.
14:54 of 2nd period - Miikka Salomaki is hit by Tomas Hertl.
15:14 of 2nd period - Richard Panik is hit by Adam McQuaid and loses puck.
15:32 of 2nd period - Wrist shot by Dave Dziurzynski.
15:32 of 2nd period - Shot Blocked by Casey Cizikas.
15:34 of 2nd period - Snap shot by Seth Griffith.
15:34 of 2nd period - Shot Misses the Net.
15:36 of 2nd period - Slapshot by Devante Smith-Pelly.
15:36 of 2nd period - Stopped by Niklas Svedberg with a rebound.
15:48 of 2nd period - Snap shot by Chris Bourque.
15:48 of 2nd period - Shot Misses the Net.
16:13 of 2nd period - Wrist shot by Colten Teubert.
16:13 of 2nd period - Stopped by Niklas Svedberg with a rebound.
17:26 of 2nd period - Wrist shot by Gustav Nyquist.
17:26 of 2nd period - Goal by Gustav Nyquist - Gangsters : 1 - Punishers : 3.
17:27 of 2nd period - Maxime Sauvé wins face-off versus Casey Cizikas in neutral zone.
17:32 of 2nd period - Wrist shot by Gustav Nyquist.
17:32 of 2nd period - Stopped by Niklas Svedberg with a rebound.
17:42 of 2nd period - Slapshot by David Rundblad.
17:42 of 2nd period - Stopped by Dustin Tokarski without a rebound.
17:43 of 2nd period - Luke Adam wins face-off versus Tomas Hertl in Gangsters zone.
17:44 of 2nd period - Backhand shot by Tanner Glass.
17:44 of 2nd period - Shot Misses the Net.
17:52 of 2nd period - Wrist shot by Magnus Paajarvi-Svensson.
17:52 of 2nd period - Stopped by Niklas Svedberg with a rebound.
17:54 of 2nd period - Wrist shot by Colten Teubert.
17:54 of 2nd period - Stopped by Niklas Svedberg without a rebound.
17:55 of 2nd period - Maxime Sauvé wins face-off versus Casey Cizikas in Punishers zone.
18:04 of 2nd period - Slapshot by Gustav Nyquist.
18:04 of 2nd period - Stopped by Niklas Svedberg with a rebound.
18:54 of 2nd period - Damon Severson is hit by Devante Smith-Pelly and loses puck.
19:21 of 2nd period - Snap shot by Brendan Woods.
19:21 of 2nd period - Deflect By Stefan Elliott.
19:21 of 2nd period - Goal by Brendan Woods - Gangsters : 2 - Punishers : 3.
19:22 of 2nd period - Casey Cizikas wins face-off versus Maxime Sauvé in neutral zone.
19:47 of 2nd period - Patrik Nemeth is hit by Tanner Glass and loses puck.
Goals for this period are 2 for Gangsters vs 1 for Punishers.
Shots for this period are 15 for Gangsters vs 10 for Punishers.
3rd period
0:01 of 3rd period - Chris Bourque wins face-off versus Casey Cizikas in neutral zone.
0:39 of 3rd period - Wrist shot by Richard Panik.
0:39 of 3rd period - Stopped by Niklas Svedberg with a rebound.
0:41 of 3rd period - Slapshot by Colten Teubert.
0:41 of 3rd period - Stopped by Niklas Svedberg without a rebound.
0:42 of 3rd period - Casey Cizikas wins face-off versus Seth Griffith in Punishers zone.
1:12 of 3rd period - Colton Gillies is hit by Dave Dziurzynski.
1:18 of 3rd period - Snap shot by Dave Dziurzynski.
1:18 of 3rd period - Stopped by Niklas Svedberg with a rebound.
1:20 of 3rd period - Slapshot by Ryan Culkin.
1:20 of 3rd period - Stopped by Niklas Svedberg with a rebound.
1:46 of 3rd period - Slapshot by Dave Dziurzynski.
1:46 of 3rd period - Shot Misses the Net.
1:48 of 3rd period - Wrist shot by Seth Griffith.
1:48 of 3rd period - Shot Misses the Net.
1:50 of 3rd period - Wrist shot by Dave Dziurzynski.
1:50 of 3rd period - Stopped by Niklas Svedberg without a rebound.
1:51 of 3rd period - Chris Bourque wins face-off versus Casey Cizikas in Punishers zone.
1:55 of 3rd period - Icing by Jordan Schmaltz.
1:56 of 3rd period - Maxime Sauvé wins face-off versus Casey Cizikas in Punishers zone.
2:11 of 3rd period - Wrist shot by Mattias Tedenby.
2:11 of 3rd period - Stopped by Dustin Tokarski without a rebound.
2:12 of 3rd period - Luke Adam wins face-off versus Tomas Hertl in Gangsters zone.
2:27 of 3rd period - Snap shot by Tomas Hertl.
2:27 of 3rd period - Stopped by Niklas Svedberg with a rebound.
2:48 of 3rd period - Casey Cizikas is hit by Maxime Sauvé and loses puck.
3:09 of 3rd period - Snap shot by Stefan Noesen.
3:09 of 3rd period - Shot Misses the Net.
3:21 of 3rd period - Slapshot by Magnus Paajarvi-Svensson.
3:21 of 3rd period - Shot Misses the Net.
3:23 of 3rd period - Slapshot by Patrik Nemeth.
3:23 of 3rd period - Shot Blocked by Colton Gillies.
3:44 of 3rd period - Miikka Salomaki is hit by Seth Griffith and loses puck.
4:32 of 3rd period - Morgan Ellis is hit by Oscar Sundqvist and loses puck.
5:16 of 3rd period - Colten Teubert is hit by Robbie Earl and loses puck.
5:46 of 3rd period - Ryan Culkin is hit by David Laliberté and loses puck.
5:59 of 3rd period - Snap shot by Magnus Paajarvi-Svensson.
5:59 of 3rd period - Shot Misses the Net.
6:40 of 3rd period - Slapshot by Jonas Brodin.
6:40 of 3rd period - Stopped by Niklas Svedberg with a rebound.
6:42 of 3rd period - Wrist shot by Brendan Woods.
6:42 of 3rd period - Stopped by Niklas Svedberg with a rebound.
6:44 of 3rd period - Snap shot by Brendan Woods.
6:44 of 3rd period - Shot Misses the Net.
6:46 of 3rd period - Slapshot by Jonas Brodin.
6:46 of 3rd period - Stopped by Niklas Svedberg with a rebound.
6:58 of 3rd period - Ryan Culkin is hit by Luke Adam and loses puck.
7:05 of 3rd period - Snap shot by Luke Adam.
7:05 of 3rd period - Shot Blocked by Ryan Culkin.
7:07 of 3rd period - Snap shot by Luke Adam.
7:07 of 3rd period - Shot Misses the Net.
7:17 of 3rd period - Ryan Culkin is hit by Miikka Salomaki and loses puck.
7:30 of 3rd period - Wrist shot by Richard Panik.
7:30 of 3rd period - Stopped by Niklas Svedberg without a rebound.
7:31 of 3rd period - Maxime Sauvé wins face-off versus Luke Adam in Punishers zone.
7:58 of 3rd period - Icing by Dave Dziurzynski.
7:59 of 3rd period - Mattias Tedenby wins face-off versus Seth Griffith in Gangsters zone.
8:02 of 3rd period - Snap shot by Robbie Earl.
8:02 of 3rd period - Stopped by Dustin Tokarski without a rebound.
8:03 of 3rd period - Robbie Earl wins face-off versus Maxime Sauvé in Gangsters zone.
8:04 of 3rd period - Snap shot by Mattias Tedenby.
8:04 of 3rd period - Stopped by Dustin Tokarski without a rebound.
8:05 of 3rd period - Maxime Sauvé wins face-off versus Casey Cizikas in Gangsters zone.
8:09 of 3rd period - Icing by Gustav Nyquist.
8:10 of 3rd period - Casey Cizikas wins face-off versus Maxime Sauvé in Gangsters zone.
8:35 of 3rd period - Wrist shot by Tanner Glass.
8:35 of 3rd period - Stopped by Dustin Tokarski with a rebound.
8:37 of 3rd period - Snap shot by David Laliberté.
8:37 of 3rd period - Stopped by Dustin Tokarski without a rebound.
8:38 of 3rd period - Tomas Hertl wins face-off versus David Laliberté in Gangsters zone.
8:47 of 3rd period - Wrist shot by Luke Adam.
8:47 of 3rd period - Stopped by Dustin Tokarski without a rebound.
8:48 of 3rd period - Maxime Sauvé wins face-off versus Casey Cizikas in Gangsters zone.
8:48 of 3rd period - Maxime Sauvé is hit by Mattias Tedenby.
9:14 of 3rd period - Tomas Hertl is hit by Jordan Schmaltz and loses puck.
9:23 of 3rd period - Slapshot by David Laliberté.
9:23 of 3rd period - Stopped by Dustin Tokarski without a rebound.
9:24 of 3rd period - Maxime Sauvé wins face-off versus Luke Adam in Gangsters zone.
9:24 of 3rd period - Maxime Sauvé is hit by Adam McQuaid.
9:30 of 3rd period - Adam McQuaid is hit by Maxime Sauvé and loses puck.
9:37 of 3rd period - Maxime Sauvé is hit by Tanner Glass.
9:49 of 3rd period - Luke Adam is hit by Dave Dziurzynski and loses puck.
10:14 of 3rd period - Slapshot by Magnus Paajarvi-Svensson.
10:14 of 3rd period - Shot Misses the Net.
11:06 of 3rd period - Slapshot by Garret Ross.
11:06 of 3rd period - Stopped by Dustin Tokarski with a rebound.
11:16 of 3rd period - Slapshot by Patrik Nemeth.
11:16 of 3rd period - Deflect By Devante Smith-Pelly.
11:16 of 3rd period - Shot Blocked by Robbie Earl.
11:16 of 3rd period - Puck is out of play.
11:17 of 3rd period - Casey Cizikas wins face-off versus Seth Griffith in Punishers zone.
11:26 of 3rd period - Snap shot by Mattias Tedenby.
11:26 of 3rd period - Stopped by Dustin Tokarski with a rebound.
11:28 of 3rd period - Snap shot by Damon Severson.
11:28 of 3rd period - Shot Blocked by Seth Griffith.
11:30 of 3rd period - Slapshot by Robbie Earl.
11:30 of 3rd period - Stopped by Dustin Tokarski without a rebound.
11:31 of 3rd period - Maxime Sauvé wins face-off versus Luke Adam in Gangsters zone.
11:44 of 3rd period - Wrist shot by Chris Bourque.
11:44 of 3rd period - Stopped by Niklas Svedberg without a rebound.
11:45 of 3rd period - Maxime Sauvé wins face-off versus Casey Cizikas in Punishers zone.
11:56 of 3rd period - Snap shot by Gustav Nyquist.
11:56 of 3rd period - Shot Misses the Net.
12:10 of 3rd period - Patrik Nemeth is hit by Luke Adam and loses puck.
12:15 of 3rd period - Slapshot by Tanner Glass.
12:15 of 3rd period - Shot Misses the Net.
12:17 of 3rd period - Slapshot by Stefan Elliott.
12:17 of 3rd period - Deflect By David Laliberté.
12:17 of 3rd period - Shot Misses the Net.
12:17 of 3rd period - Puck is out of play.
12:18 of 3rd period - Luke Adam wins face-off versus Chris Bourque in Gangsters zone.
12:19 of 3rd period - Snap shot by David Laliberté.
12:19 of 3rd period - Shot Misses the Net.
12:21 of 3rd period - Wrist shot by Tanner Glass.
12:21 of 3rd period - Shot Misses the Net.
12:23 of 3rd period - Slapshot by Stefan Elliott.
12:23 of 3rd period - Stopped by Dustin Tokarski without a rebound.
12:24 of 3rd period - Luke Adam wins face-off versus Maxime Sauvé in Gangsters zone.
12:39 of 3rd period - Wrist shot by Tanner Glass.
12:39 of 3rd period - Stopped by Dustin Tokarski without a rebound.
12:40 of 3rd period - Tomas Hertl wins face-off versus Casey Cizikas in Gangsters zone.
13:07 of 3rd period - Icing by Jordan Schmaltz.
13:08 of 3rd period - Maxime Sauvé wins face-off versus Luke Adam in Punishers zone.
13:11 of 3rd period - Wrist shot by Gustav Nyquist.
13:11 of 3rd period - Shot Misses the Net.
13:29 of 3rd period - Slapshot by David Laliberté.
13:29 of 3rd period - Stopped by Dustin Tokarski without a rebound.
13:30 of 3rd period - Tomas Hertl wins face-off versus Casey Cizikas in Gangsters zone.
13:30 of 3rd period - Tomas Hertl is hit by David Rundblad.
13:44 of 3rd period - Snap shot by Mattias Tedenby.
13:44 of 3rd period - Shot Misses the Net.
13:56 of 3rd period - Gustav Nyquist is hit by David Laliberté and loses puck.
14:03 of 3rd period - Wrist shot by Luke Adam.
14:03 of 3rd period - Stopped by Dustin Tokarski without a rebound.
14:04 of 3rd period - Casey Cizikas wins face-off versus Maxime Sauvé in Gangsters zone.
14:05 of 3rd period - Wrist shot by Mattias Tedenby.
14:05 of 3rd period - Shot Misses the Net.
14:19 of 3rd period - Snap shot by Chris Bourque.
14:19 of 3rd period - Deflect By Stefan Elliott.
14:19 of 3rd period - Stopped by Niklas Svedberg with a rebound.
14:31 of 3rd period - Wrist shot by David Laliberté.
14:31 of 3rd period - Shot Blocked by Jonas Brodin.
15:07 of 3rd period - Icing by Devante Smith-Pelly.
15:08 of 3rd period - Oscar Sundqvist wins face-off versus Kevin Roy in Gangsters zone.
15:11 of 3rd period - Wrist shot by Aaron Palushaj.
15:11 of 3rd period - Goal by Aaron Palushaj - Gangsters : 2 - Punishers : 4.
15:12 of 3rd period - Maxime Sauvé wins face-off versus Casey Cizikas in neutral zone.
15:22 of 3rd period - Off-side.
15:23 of 3rd period - Maxime Sauvé wins face-off versus Casey Cizikas in neutral zone.
15:32 of 3rd period - Backhand shot by Chris Bourque.
15:32 of 3rd period - Shot Misses the Net.
15:36 of 3rd period - Slapshot by Chris Bourque.
15:36 of 3rd period - Stopped by Niklas Svedberg without a rebound.
15:37 of 3rd period - Casey Cizikas wins face-off versus Chris Bourque in Punishers zone.
15:47 of 3rd period - Minor Penalty to Robbie Earl for Holding.
15:48 of 3rd period - Colton Gillies wins face-off versus Maxime Sauvé in Punishers zone.
15:58 of 3rd period - Zack Hamill is hit by Gustav Nyquist and loses puck.
17:47 of 3rd period - Penalty to Robbie Earl is over, Robbie Earl is back on ice.
Goals for this period are 0 for Gangsters vs 1 for Punishers.
Shots for this period are 13 for Gangsters vs 15 for Punishers.
Back to the Top